[Event "Titled Tuesday Blitz June 6 Early 2023"]
[White "Grischuk, Alexander"]
[Black "Kravtsiv, Martyn"]
[WhiteFideId "4126025"]
[BlackFideId "14113147"]
[WhiteElo "2721"]
[BlackElo "2695"]
[Result "1/2-1/2"]
[Round "5"]
[TimeControl "180+2"]
[Date "2023.06.06"]
[WhiteClock "0:00:06"]
[BlackClock "0:00:19"]
[Board "9"]

1. Nf3 d5 2. g3 Nf6 3. Bg2 e6 4. O-O Be7 5. c4 O-O 6. d3 Nc6 7. Bf4 Bd6 8. Qc1 Bxf4 9. Qxf4 Re8 10. d4 dxc4 11. Na3 Nd5 12. Qc1 Nb6 13. Rd1 Bd7 14. Nxc4 Nxc4 15. Qxc4 Qe7 16. Rac1 Rac8 17. Qc5 Qxc5 18. Rxc5 b6 19. Rcc1 f6 20. Ne1 Nd8 21. Nd3 Bb5 22. e3 Bxd3 23. Rxd3 Re7 24. b4 c6 25. Rdc3 Rec7 26. a4 Kf8 27. f4 Ke7 28. Kf2 Kd7 29. e4 Nb7 30. e5 f5 31. Ke2 Nd8 32. Kd3 g6 33. b5 cxb5 34. Rxc7+ Rxc7 35. Rxc7+ Kxc7 36. axb5 Kd7 37. d5 exd5 38. Bxd5 Ke7 39. Ke3 h6 40. h3 h5 41. Kd3 Kd7 42. Kc4 Ke7 43. Kd4 Kd7 44. Kd3 Ke7 45. Ke3 Kd7 46. Ke2 Ke7 47. Kd2 Kd7 48. Kc3 Ke7 49. Kb4 Kd7 50. Kc4 Ke7 51. Kd4 Kd7 52. Ke3 Ke7 53. Kf3 Kd7 54. g4 h4 55. gxf5 gxf5 56. Ke3 Ke7 57. Kd4 Kd7 58. Ke3 Ke7 59. Bc4 Kd7 60. Bd3 Ke6 61. Bc4+ Ke7 62. Bd5 Kd7 63. Bg8 Ke7 64. Bh7 Ke6 65. Kd4 Nb7 66. Bg8+ Ke7 67. Kd5 Nc5 68. Bh7 Nd3 69. Bxf5 Nxf4+ 70. Kc6 Ne2 71. Kb7 Nd4 72. Bd3 Ke6 73. Kxa7 Kxe5 74. Kxb6 Nxb5 75. Kxb5 Kf6 76. Be2 Kg7 77. Bg4 Kh8 78. Kc5 Kg8 79. Kd4 1/2-1/2


[Site "https://www.chess.com"]

[Event "Titled Tuesday Blitz June 6 Early 2023"]
[White "Tabatabaei, M. Amin"]
[Black "Nguyen, Ngoc Truong Son"]
[WhiteFideId "12521213"]
[BlackFideId "12401110"]
[WhiteElo "2575"]
[BlackElo "2556"]
[Result "1/2-1/2"]
[Round "5"]
[TimeControl "180+2"]
[Date "2023.06.06"]
[WhiteClock "0:00:11"]
[BlackClock "0:00:05"]
[Board "10"]

1. Nf3 d5 2. b3 c6 3. Bb2 Bf5 4. g3 e6 5. Bg2 Nf6 6. O-O h6 7. d3 Be7 8. Nbd2 O-O 9. Re1 a5 10. e4 Bh7 11. a4 dxe4 12. dxe4 Na6 13. Ne5 Nb4 14. Nec4 b5 15. Ne3 Qb6 16. axb5 cxb5 17. e5 Nfd5 18. Bxd5 Nxd5 19. Nxd5 exd5 20. Nf3 Rfc8 21. Nd4 a4 22. e6 f6 23. bxa4 bxa4 24. Ba3 Rc4 25. c3 Bxa3 26. Rxa3 Qc5 27. Qa1 Be4 28. Re3 Rb8 29. Re1 Kh7 30. e7 Re8 31. Rxa4 Rxa4 32. Qxa4 Rxe7 33. Qb4 Rc7 34. f3 Bg6 35. Qxc5 Rxc5 36. Re3 h5 37. h3 Ra5 38. g4 h4 39. Re7 Kh6 40. Ne6 Ra3 41. Rc7 Ra1+ 42. Kf2 Rh1 43. Kg2 Rc1 44. Nxg7 Rc2+ 45. Kg1 d4 46. Ne6 d3 47. Rd7 d2 48. Kf1 Rxc3 49. Ke2 Ra3 50. Kxd2 Rxf3 51. Nf8 Rxh3 52. Ke2 Rg3 53. Rd4 h3 54. Kf2 Rg2+ 55. Kf3 Rg1 56. Rd2 Kg5 57. Ne6+ Kh4 58. Nf4 Be8 59. Rd8 Bc6+ 60. Kf2 Rxg4 61. Rh8+ Kg5 62. Nxh3+ Kf5 63. Rh5+ Kg6 64. Rc5 Rg2+ 65. Kf1 Rg3 66. Nf4+ Kf7 67. Ke2 Be4 68. Rc7+ Ke8 69. Ne6 f5 70. Kf2 Rf3+ 71. Ke2 Ra3 72. Kd2 Rd3+ 73. Ke2 Ra3 74. Rg7 Bd3+ 75. Kd2 Bc4 76. Nf4 Rf3 77. Nh5 Kf8 78. Rc7 Bf7 79. Nf6 Be6 80. Nh7+ Ke8 81. Ng5 Rf2+ 82. Ke3 Rf1 83. Kd4 Bd7 84. Ke5 Kd8 85. Ra7 Re1+ 86. Kf4 Rf1+ 87. Ke5 Re1+ 88. Kf6 f4 89. Nf7+ Kc8 90. Nd6+ Kd8 91. Nf7+ Kc8 92. Ne5 Bb5 93. Ra5 Be2 94. Ra3 f3 95. Rc3+ Kb7 96. Rb3+ Ka6 97. Nxf3 Rf1 98. Ke5 Bxf3 99. Kd4 Bc6 100. Ra3+ Kb6 101. Re3 Rd1+ 102. Ke5 Rd5+ 103. Kf4 Kc7 104. Re5 Rd4+ 105. Kg3 Kd6 106. Rg5 Bd5 107. Rg6+ Ke5 108. Rg4 Be4 109. Rg5+ Bf5 110. Rg7 Rd3+ 111. Kh4 Kf4 112. Rg4+ Ke5 113. Rg3 Rd8 114. Kg5 Rg8+ 115. Kh4 Rh8+ 116. Kg5 Rg8+ 117. Kh4 Rd8 118. Kg5 Rd1 119. Re3+ Be4 120. Rg3 Rf1 121. Rg4 Rf6 122. Rg3 Rg6+ 123. Kh4 Ra6 124. Kg5 Ra4 125. Rg4 Ra5 126. Rg3 Ra1 127. Rg4 Bf3 128. Rg3 Ke4 129. Kh4 Rh1+ 130. Kg5 Rh8 131. Kf6 Kf4 132. Rg7 Bd5 133. Rc7 Rh6+ 134. Ke7 Ke5 135. Kd7 Be6+ 136. Ke7 Bd5 137. Kd7 Rd6+ 138. Ke7 Bc6 139. Ra7 Re6+ 140. Kd8 Rh6 141. Rc7 Kd5 142. Ke7 Re6+ 143. Kf7 Kd6 144. Ra7 Re1 145. Kf6 Rf1+ 146. Kg5 Ke5 147. Re7+ Kd6 148. Rg7 Bd5 1/2-1/2


[Site "https://www.chess.com"]

[Event "Titled Tuesday Blitz June 6 Early 2023"]
[White "Deac, Bogdan-Daniel"]
[Black "Petrosyan, Manuel"]
[WhiteFideId "1226380"]
[BlackFideId "13300857"]
[WhiteElo "2644"]
[BlackElo "2576"]
[Result "1-0"]
[Round "5"]
[TimeControl "180+2"]
[Date "2023.06.06"]
[WhiteClock "0:00:08"]
[BlackClock "0:00:04"]
[Board "11"]

1. e4 e5 2. Nf3 Nc6 3. Bb5 Nf6 4. d3 Bc5 5. Bxc6 dxc6 6. Qe2 Qe7 7. Nbd2 Nd7 8. Nc4 a5 9. a4 f6 10. Be3 b6 11. O-O O-O 12. Nh4 g6 13. g3 Bxe3 14. Nxe3 Nc5 15. b3 Bh3 16. Nhg2 Ne6 17. f3 Nd4 18. Qd2 Rad8 19. Kh1 Qc5 20. Rae1 Rd7 21. Rf2 Re8 22. Ng4 Qe7 23. Qh6 Bxg2+ 24. Kxg2 Qg7 25. Qh4 Rd6 26. Ne3 g5 27. Qg4 Qg6 28. h4 h5 29. Qh3 Nxf3 30. Kxf3 g4+ 31. Nxg4 hxg4+ 32. Qxg4 Kf7 33. Qxg6+ Kxg6 34. Kg4 b5 35. Ra1 Ra8 36. Rf5 Rd4 37. h5+ Kg7 38. Kh4 bxa4 39. bxa4 Rb8 40. Raf1 Rd6 41. g4 Rb2 42. R5f2 Ra2 43. g5 fxg5+ 44. Kxg5 Rd7 45. h6+ Kh7 46. Rf7+ Rxf7 47. Rxf7+ 1-0


[Site "https://www.chess.com"]

[Event "Titled Tuesday Blitz June 6 Early 2023"]
[White "Csonka, Balazs"]
[Black "Svane, Rasmus"]
[WhiteFideId "742910"]
[BlackFideId "4657101"]
[WhiteElo "2404"]
[BlackElo "2601"]
[Result "1/2-1/2"]
[Round "5"]
[TimeControl "180+2"]
[Date "2023.06.06"]
[WhiteClock "0:00:03"]
[BlackClock "0:00:12"]
[Board "12"]

1. d4 Nf6 2. c4 e6 3. Nc3 Bb4 4. Qc2 d5 5. a3 Bxc3+ 6. Qxc3 dxc4 7. Qxc4 b6 8. Bf4 Ba6 9. Qxc7 Qd5 10. Qd6 Qb5 11. Qb4 Nc6 12. Qxb5 Bxb5 13. Nf3 Rc8 14. e3 Bxf1 15. Kxf1 Na5 16. b4 Nb3 17. Rb1 Rc3 18. g3 Ke7 19. Bg5 Rhc8 20. Kg2 a5 21. bxa5 bxa5 22. Rb2 a4 23. Rhb1 h6 24. Bxf6+ Kxf6 25. Ne5 Ke7 26. Rd1 Rc2 27. Rdb1 R2c3 28. Rd1 Rc2 29. Rdb1 R8c3 30. Rxc2 Rxc2 31. Nd3 Kd6 32. Nc5 Nxc5 33. dxc5+ Kxc5 34. Rb4 Rc4 35. Rb7 Kc6 36. Rxf7 Rc3 37. Rxg7 Rxa3 38. Rg6 Rc3 39. Rxe6+ Kb5 40. Rxh6 a3 41. Rh5+ Rc5 42. Rh8 Kb4 43. Rb8+ Rb5 44. Rd8 a2 45. Rd1 Kc3 46. Ra1 Kb2 47. Rxa2+ Kxa2 48. h4 Kb3 49. Kf3 Kc4 50. Ke4 Kc5 51. Kf5 Kd6+ 52. Kf6 Rb2 53. f4 Rg2 54. h5 Rxg3 55. h6 Rxe3 56. h7 Rh3 57. Kg7 Rg3+ 58. Kf6 Rh3 59. Kg7 Rg3+ 60. Kf6 Rh3 1/2-1/2


[Site "https://www.chess.com"]

[Event "Titled Tuesday Blitz June 6 Early 2023"]
[White "Petrosian, Karlen"]
[Black "Lenderman, Aleksandr"]
[WhiteFideId "4176146"]
[BlackFideId "2021285"]
[WhiteElo "2345"]
[BlackElo "2607"]
[Result "0-1"]
[Round "5"]
[TimeControl "180+2"]
[Date "2023.06.06"]
[WhiteClock "0:00:30"]
[BlackClock "0:00:59"]
[Board "13"]

1. e4 e6 2. Qe2 e5 3. f4 d6 4. Nf3 Nc6 5. d3 Bg4 6. Qf2 exf4 7. Bxf4 Qf6 8. Bc1 Bxf3 9. gxf3 O-O-O 10. Bg2 d5 11. O-O dxe4 12. fxe4 Qxf2+ 13. Kxf2 Nd4 14. Na3 Bxa3 15. bxa3 Nxc2 16. Rb1 Nd4 17. Bb2 f6 18. Ke3 Nc6 19. Rfc1 Nge7 20. Bh3+ Kb8 21. Bc3 Rhe8 22. Be6 Ng6 23. Bf5 Nge5 24. d4 Nc4+ 25. Kd3 Nd6 26. Bxh7 Rh8 27. Bg6 Rh3+ 28. Kc2 Rxh2+ 29. Kb3 Ne7 30. Rg1 Nxg6 31. Rxg6 Nxe4 32. Rxg7 Rh3 33. Rc1 a5 34. Kc4 b5+ 35. Kxb5 Rxc3 36. Rb1 Ka7 37. Kxa5 Rd5+ 38. Ka4 Rxd4+ 39. Rb4 Rxb4+ 40. axb4 Nd6 41. a3 Kb6 42. Rg6 f5 43. Rf6 Rd3 0-1


[Site "https://www.chess.com"]

[Event "Titled Tuesday Blitz June 6 Early 2023"]
[White "Elsa167"]
[Black "Abdilkhair, Abilmansur"]
[BlackFideId "13716417"]
[WhiteElo "2913"]
[BlackElo "2210"]
[Result "1-0"]
[Round "5"]
[TimeControl "180+2"]
[Date "2023.06.06"]
[WhiteClock "0:00:28"]
[BlackClock "0:00:07"]
[Board "14"]

1. d4 d5 2. c4 e6 3. Nf3 Nf6 4. Nc3 Be7 5. g3 O-O 6. Bg2 a6 7. O-O dxc4 8. Ne5 Nc6 9. Bxc6 bxc6 10. Nxc6 Qe8 11. Nxe7+ Qxe7 12. Qa4 e5 13. dxe5 Qxe5 14. Qxc4 Bh3 15. Rd1 Rfb8 16. f3 Be6 17. Qd4 Qh5 18. b3 a5 19. Bf4 Rc8 20. Qe5 Qg6 21. Qg5 c5 22. Qxg6 hxg6 23. Na4 Ra6 24. Rac1 c4 25. bxc4 Rxc4 26. Nc5 Rc6 27. Nxe6 Rxc1 28. Rxc1 Rxe6 29. e4 Rb6 30. Rc8+ Kh7 31. Rc7 Rb1+ 32. Kg2 Rb2+ 33. Kh3 Kg8 34. Rc8+ Kh7 35. Rf8 Rxa2 36. Rxf7 Rf2 37. e5 Nd5 38. Bg5 a4 39. Rd7 Nb6 40. Rb7 Nd5 41. Bf6 Rxf3 42. Bxg7 a3 43. Ra7 a2 44. Bf6+ Kh6 45. Kg4 Rf1 46. Bg5# 1-0


[Site "https://www.chess.com"]

[Event "Titled Tuesday Blitz June 6 Early 2023"]
[White "Koutlas, Nikolaos"]
[Black "Terry, Renato"]
[WhiteFideId "25827138"]
[BlackFideId "3803457"]
[WhiteElo "2215"]
[BlackElo "2575"]
[Result "0-1"]
[Round "5"]
[TimeControl "180+2"]
[Date "2023.06.06"]
[WhiteClock "0:00:06"]
[BlackClock "0:00:41"]
[Board "15"]

1. c4 e5 2. Nc3 Nc6 3. g3 g6 4. Bg2 Bg7 5. e4 d6 6. Nge2 h5 7. h3 h4 8. g4 f5 9. gxf5 gxf5 10. f4 Nf6 11. d3 Be6 12. Be3 Qd7 13. Qd2 fxe4 14. fxe5 dxe5 15. Nxe4 Nxe4 16. Bxe4 O-O-O 17. O-O-O Kb8 18. Nc3 Nd4 19. Rhg1 Bxh3 20. Kb1 c6 21. Na4 Qc7 22. Bxd4 exd4 23. Nc5 Bc8 24. Bh1 Bf8 25. Ne4 Bh6 26. Qb4 Be3 27. Rg6 h3 28. Nc5 Qb6 29. Qa3 Rhg8 30. Rf6 h2 31. Na4 Qc7 32. Nc5 Rg1 33. Rff1 Bh3 34. Rfe1 Bf2 35. Rf1 Rxf1 36. Rxf1 Bxf1 37. Qb4 Qb6 38. Nd7+ Rxd7 39. Qf8+ Qd8 40. Qxf2 Bxd3+ 41. Ka1 Bxc4 42. Qxh2+ Ka8 43. b3 d3 0-1


[Site "https://www.chess.com"]

[Event "Titled Tuesday Blitz June 6 Early 2023"]
[White "Melikyan, Gnel"]
[Black "Nepomniachtchi, Ian"]
[WhiteFideId "54109990"]
[BlackFideId "4168119"]
[WhiteElo "2138"]
[BlackElo "2781"]
[Result "0-1"]
[Round "5"]
[TimeControl "180+2"]
[Date "2023.06.06"]
[WhiteClock "0:00:03"]
[BlackClock "0:01:24"]
[Board "16"]

1. e4 c5 2. Nf3 e6 3. d4 cxd4 4. Nxd4 a6 5. Nc3 Nc6 6. Be3 Qc7 7. Be2 Nf6 8. O-O h5 9. Qd2 Ng4 10. Nf3 Bd6 11. h3 Bh2+ 12. Kh1 Nxe3 13. Qxe3 Bf4 14. Qd3 Ne5 15. Nxe5 Bxe5 16. Nd1 g5 17. c3 b6 18. Ne3 Bb7 19. Rad1 g4 20. Nc4 Bf4 21. g3 d5 22. exd5 Bxd5+ 23. Kh2 h4 24. Bxg4 Bxc4 25. Qe4 hxg3+ 26. fxg3 Bxg3+ 27. Kg1 Rc8 28. Rf3 Bh4 29. Qd4 Qc5 30. Qxc5 Rxc5 31. Rf4 Ke7 32. Rfd4 Bd5 33. b4 Rxc3 0-1


[Site "https://www.chess.com"]

[Event "Titled Tuesday Blitz June 6 Early 2023"]
[White "Dubov, Daniil"]
[Black "Pulpan, Jakub"]
[WhiteFideId "24126055"]
[BlackFideId "302759"]
[WhiteElo "2793"]
[BlackElo "2484"]
[Result "1-0"]
[Round "5"]
[TimeControl "180+2"]
[Date "2023.06.06"]
[WhiteClock "0:00:12"]
[BlackClock "0:00:01"]
[Board "17"]

1. g3 d5 2. Nf3 g6 3. Bg2 Bg7 4. O-O e5 5. d3 Ne7 6. Nc3 Nbc6 7. e4 dxe4 8. dxe4 Bg4 9. Nb5 Bd7 10. c3 O-O 11. Qe2 Qc8 12. Rd1 a6 13. Na3 Bh3 14. Nc4 Bxg2 15. Kxg2 Kh8 16. a4 f5 17. b4 b5 18. Ne3 bxa4 19. Rxa4 Qb7 20. Ng5 Rf6 21. Nd5 Nxd5 22. exd5 h6 23. Nf3 e4 24. dxc6 Qxc6 25. b5 exf3+ 26. Qxf3 Qxf3+ 27. Kxf3 Rb6 28. c4 c6 29. bxc6 Rxc6 30. Rd7 Rac8 31. Be3 R8c7 32. Rxc7 Rxc7 33. Rxa6 Rxc4 34. Rxg6 Kh7 35. Ra6 Bf8 36. Rf6 Bc5 37. Rxh6+ 1-0


[Site "https://www.chess.com"]

[Event "Titled Tuesday Blitz June 6 Early 2023"]
[White "Korobov, Anton"]
[Black "Koshulyan, Egor A."]
[WhiteFideId "14105730"]
[BlackFideId "24237000"]
[WhiteElo "2638"]
[BlackElo "2216"]
[Result "1-0"]
[Round "5"]
[TimeControl "180+2"]
[Date "2023.06.06"]
[WhiteClock "0:00:17"]
[BlackClock "0:00:07"]
[Board "18"]

1. d4 d5 2. c3 c5 3. dxc5 e5 4. b4 Nf6 5. Nf3 e4 6. Nd4 Nc6 7. Bf4 Nh5 8. Bd2 Be7 9. e3 Nf6 10. c4 a5 11. b5 Ne5 12. cxd5 Bxc5 13. Nc3 O-O 14. Qc2 Re8 15. Nb3 Bb6 16. Na4 Bc7 17. Rc1 Bd6 18. Nc3 Bf5 19. Nd4 Bg6 20. Be2 Rc8 21. Qb3 Qe7 22. O-O Nfg4 23. h3 Qh4 24. b6 Nf6 25. Ncb5 Bb8 26. Nc7 Red8 27. Bxa5 Qg5 28. Kh1 Nd3 29. Bxd3 exd3 30. f3 Qxe3 31. Ndb5 Qe5 32. Rce1 Qg3 33. d6 Ne8 34. Qd5 Nxd6 35. Nxd6 Rxd6 36. Qxb7 Rdd8 37. Qa6 d2 38. Rd1 Rd3 39. Qxc8+ Rd8 40. Qxd8# 1-0


[Site "https://www.chess.com"]

[Event "Titled Tuesday Blitz June 6 Early 2023"]
[White "Horvath, Dominik"]
[Black "Kramnik, Vladimir"]
[WhiteFideId "1642561"]
[BlackFideId "4101588"]
[WhiteElo "2407"]
[BlackElo "2703"]
[Result "1-0"]
[Round "5"]
[TimeControl "180+2"]
[Date "2023.06.06"]
[WhiteClock "0:00:22"]
[BlackClock "0:00:06"]
[Board "19"]

1. e4 c5 2. Nf3 e6 3. d4 cxd4 4. Nxd4 Nf6 5. Nc3 Nc6 6. Nxc6 bxc6 7. e5 Nd5 8. Ne4 Qc7 9. f4 a5 10. c4 Bb4+ 11. Ke2 O-O 12. cxd5 cxd5 13. a3 Be7 14. Nd6 Ba6+ 15. Ke1 f6 16. Bxa6 Rxa6 17. Nb5 Qb8 18. exf6 Bxf6 19. Qd3 Rc6 20. Rf1 a4 21. Rb1 Rc4 22. b3 axb3 23. Qxb3 Rfc8 24. Kf2 Qb6+ 25. Be3 Qa6 26. Kg1 h5 27. f5 e5 28. Qd3 d4 29. Bd2 d5 30. Qg3 h4 31. Qg6 e4 32. Bg5 d3 33. Bxf6 Qxf6 34. Qxf6 gxf6 35. Nd6 e3 36. Nxc8 Rxc8 37. Rfd1 d2 38. Kf1 d4 39. Ke2 Rd8 40. Rb3 Kg7 41. Rd3 Kh6 42. Rb1 Kg5 43. Rb4 Rc8 44. Rbxd4 Rc1 45. Kxe3 Rg1 46. Rxd2 Rf1 47. Kd3 Ra1 48. Kc4 Rh1 49. Ra2 Rg1 50. a4 Rc1+ 51. Kd5 Rb1 52. a5 1-0


[Site "https://www.chess.com"]

[Event "Titled Tuesday Blitz June 6 Early 2023"]
[White "Radzhabov, Rodion"]
[Black "Shevchenko, Kirill"]
[WhiteFideId "884715"]
[BlackFideId "14129574"]
[WhiteElo "2174"]
[BlackElo "2603"]
[Result "0-1"]
[Round "5"]
[TimeControl "180+2"]
[Date "2023.06.06"]
[WhiteClock "0:00:03"]
[BlackClock "0:00:11"]
[Board "20"]

1. e4 e6 2. Nc3 d5 3. Qe2 Be7 4. f4 c5 5. Nf3 Nc6 6. d3 Nf6 7. g3 O-O 8. e5 Nd7 9. Bg2 b5 10. O-O b4 11. Nd1 a5 12. Ne3 Ba6 13. h4 Rc8 14. h5 Qc7 15. Rf2 f6 16. Bh3 Nd8 17. exf6 Bxf6 18. h6 gxh6 19. Ng4 Bg7 20. Bd2 h5 21. Nge5 Nxe5 22. fxe5 Qe7 23. Raf1 Nf7 24. Bf4 a4 25. Kh2 b3 26. axb3 axb3 27. c3 Qe8 28. Qe3 Rc6 29. Ra1 Nh8 30. d4 Ng6 31. dxc5 Bc8 32. Nd4 Rxc5 33. Nxe6 Bxe6 34. Bxe6+ Qxe6 35. Qxc5 h4 36. Raf1 Rc8 37. Qd6 Qg4 38. e6 Qh5 39. Kg2 hxg3 40. Bxg3 Qg4 41. e7 Re8 42. Qxd5+ Kh8 43. Qf7 Rxe7 44. Qf4 Nxf4+ 45. Rxf4 Qe2+ 46. R1f2 Qe6 47. R4f3 h5 0-1


[Site "https://www.chess.com"]

[Event "Titled Tuesday Blitz June 6 Early 2023"]
[White "Sjugirov, Sanan"]
[Black "benny_aizenberg"]
[WhiteFideId "4189302"]
[WhiteElo "2569"]
[BlackElo "2716"]
[Result "1-0"]
[Round "5"]
[TimeControl "180+2"]
[Date "2023.06.06"]
[WhiteClock "0:00:49"]
[BlackClock "0:00:19"]
[Board "21"]

1. e4 c5 2. Nf3 Nc6 3. Bb5 e6 4. Bxc6 bxc6 5. d3 d6 6. e5 d5 7. O-O Ne7 8. c4 Ng6 9. Nc3 Be7 10. Qe2 O-O 11. Re1 a5 12. Na4 Rb8 13. b3 Qc7 14. Ba3 Qa7 15. Qe3 d4 16. Qe4 Bd7 17. h4 f5 18. exf6 Rxf6 19. h5 Rf4 20. Qe2 Nf8 21. Ne5 Be8 22. Bc1 Rh4 23. h6 gxh6 24. g3 Rh5 25. Ng4 Bg5 26. Bxg5 Rxg5 27. Nf6+ Kg7 28. Ne4 Rf5 29. Nd6 Rg5 30. Qf3 Qe7 31. Nf5+ Rxf5 32. Qxf5 Bg6 33. Qe5+ Kf7 34. Qxb8 1-0


[Site "https://www.chess.com"]

[Event "Titled Tuesday Blitz June 6 Early 2023"]
[White "Kashlinskaya, Alina"]
[Black "Bjerre, Jonas Buhl"]
[WhiteFideId "4198026"]
[BlackFideId "1444948"]
[WhiteElo "2383"]
[BlackElo "2525"]
[Result "1-0"]
[Round "5"]
[TimeControl "180+2"]
[Date "2023.06.06"]
[WhiteClock "0:00:34"]
[BlackClock "0:00:18"]
[Board "22"]

1. Nf3 Nf6 2. g3 c5 3. Bg2 Nc6 4. O-O e5 5. d3 d5 6. e4 Be7 7. Nc3 d4 8. Ne2 O-O 9. Nh4 Re8 10. a4 Rb8 11. h3 a6 12. f4 b5 13. axb5 axb5 14. Nf3 exf4 15. Bxf4 Bd6 16. Bg5 Be7 17. g4 h6 18. Bf4 Bd6 19. Qd2 Qc7 20. Nh4 Bxf4 21. Rxf4 Nd7 22. Raf1 Nde5 23. Nf5 Be6 24. Neg3 Bxf5 25. Rxf5 f6 26. Nh5 Re6 27. Nf4 Ree8 28. Nd5 Qd8 29. Nxf6+ gxf6 30. Rxf6 Rb7 31. Qxh6 Rh7 32. Qf4 Qe7 33. Qf5 Nd8 34. g5 Qd7 35. Rf8+ Kg7 36. Qf6# 1-0


[Site "https://www.chess.com"]

[Event "Titled Tuesday Blitz June 6 Early 2023"]
[White "Makarian, Rudik"]
[Black "Kleiman, Jake"]
[WhiteFideId "44105681"]
[BlackFideId "2020041"]
[WhiteElo "2451"]
[BlackElo "2677"]
[Result "1/2-1/2"]
[Round "5"]
[TimeControl "180+2"]
[Date "2023.06.06"]
[WhiteClock "0:00:06"]
[BlackClock "0:00:13"]
[Board "23"]

1. d4 Nf6 2. c4 e6 3. Nf3 Bb4+ 4. Bd2 Bxd2+ 5. Qxd2 O-O 6. Nc3 d5 7. h4 c6 8. h5 Nbd7 9. h6 g6 10. e3 Qe7 11. Be2 dxc4 12. Bxc4 e5 13. dxe5 Nxe5 14. Nxe5 Qxe5 15. O-O-O Be6 16. Qd4 Qxd4 17. Rxd4 Bxc4 18. Rxc4 Rad8 19. Rd1 Rxd1+ 20. Kxd1 Rd8+ 21. Ke2 Kf8 22. f3 Ke7 23. g4 Nd5 24. Ne4 f6 25. g5 f5 26. Nc5 b6 27. Nd3 Kd6 28. f4 c5 29. Kf3 Re8 30. e4 fxe4+ 31. Rxe4 Rf8 32. Ne5 b5 33. Ng4 a6 34. Ne3 Nxe3 35. Rxe3 c4 36. Kg4 Rf7 37. a3 Kd5 38. Re8 a5 39. Rd8+ Ke4 40. Re8+ Kd3 41. Rg8 Ke3 42. Re8+ Kd3 43. Rd8+ Ke3 44. Re8+ Kd3 1/2-1/2


[Site "https://www.chess.com"]

[Event "Titled Tuesday Blitz June 6 Early 2023"]
[White "Ashraf, Artin"]
[Black "Zhigalko, Sergei"]
[WhiteFideId "22514805"]
[BlackFideId "13502956"]
[WhiteElo "2224"]
[BlackElo "2626"]
[Result "0-1"]
[Round "5"]
[TimeControl "180+2"]
[Date "2023.06.06"]
[WhiteClock "0:00:02"]
[BlackClock "0:00:08"]
[Board "24"]

1. c4 e5 2. d3 Nf6 3. Nf3 Nc6 4. a3 a5 5. g3 Bc5 6. Bg2 d6 7. O-O h6 8. Nc3 O-O 9. Bd2 Re8 10. Ne1 Bf5 11. Nd5 Nxd5 12. cxd5 Ne7 13. Kh1 Qd7 14. Rc1 Bh3 15. e4 c6 16. dxc6 Nxc6 17. Nf3 Bg4 18. Bc3 Nd4 19. Bxd4 Bxd4 20. Qb3 a4 21. Qb4 Bc5 22. Qd2 Rac8 23. d4 Bb6 24. Qb4 Rxc1 25. Rxc1 Ba7 26. Qc4 b5 27. Qc7 Bxd4 28. Qxd7 Bxd7 29. Nxd4 exd4 30. Rc7 Be6 31. Bf1 Bb3 32. Bxb5 Re5 33. Rc8+ Kh7 34. Bd3 g6 35. f4 Rc5 36. Rxc5 dxc5 37. Kg2 c4 38. Be2 c3 39. bxc3 dxc3 40. Bd3 Kg7 41. Kf2 c2 42. Bxc2 Bxc2 43. Ke3 Kf6 44. Kd4 Ke6 45. g4 g5 46. f5+ Kd6 47. e5+ Kc6 48. h4 Bd1 49. hxg5 hxg5 50. e6 fxe6 51. f6 Kd6 52. f7 Ke7 53. Ke5 Kxf7 0-1


[Site "https://www.chess.com"]

[Event "Titled Tuesday Blitz June 6 Early 2023"]
[White "Kevlishvili, Robby"]
[Black "Goltsev, Dmitry"]
[WhiteFideId "1040634"]
[BlackFideId "24176710"]
[WhiteElo "2572"]
[BlackElo "2356"]
[Result "1-0"]
[Round "5"]
[TimeControl "180+2"]
[Date "2023.06.06"]
[WhiteClock "0:01:34"]
[BlackClock "0:00:02"]
[Board "25"]

1. e4 e6 2. d4 d5 3. Nd2 c5 4. Ngf3 cxd4 5. Nxd4 Nf6 6. exd5 Nxd5 7. g3 Bd7 8. Bg2 Nc6 9. N2f3 Bb4+ 10. Bd2 O-O 11. O-O Rc8 12. c4 Bxd2 13. Qxd2 Nxd4 14. Qxd4 Nf6 15. Ne5 Bc6 16. Nxc6 bxc6 17. Qxa7 Qd2 18. b3 Ra8 19. Qe3 Rxa2 20. Qxd2 Rxd2 21. Bxc6 Rb8 22. b4 h5 23. b5 Ng4 24. Ra8 Rxa8 25. Bxa8 Rb2 26. h3 Ne5 27. Rc1 Nd3 28. Rd1 Nxf2 29. Rd8+ Kh7 30. Bg2 g5 31. b6 Nxh3+ 32. Bxh3 Rxb6 33. Rd2 Rb3 34. Rc2 Rxg3+ 35. Bg2 Ra3 36. c5 Ra7 37. c6 Rc7 38. Rd2 Kg6 39. Rd7 Rc8 40. c7 g4 41. Bb7 Rxc7 42. Rxc7 h4 43. Bc8 Kf6 44. Kg2 e5 45. Bxg4 1-0


[Site "https://www.chess.com"]

[Event "Titled Tuesday Blitz June 6 Early 2023"]
[White "Souleidis, Georgios"]
[Black "Ibarra Jerez, Jose Carlos"]
[WhiteFideId "4206827"]
[BlackFideId "2226332"]
[WhiteElo "2401"]
[BlackElo "2631"]
[Result "0-1"]
[Round "5"]
[TimeControl "180+2"]
[Date "2023.06.06"]
[WhiteClock "0:00:09"]
[BlackClock "0:01:30"]
[Board "26"]

1. e4 Nc6 2. Nf3 d6 3. Bc4 Nf6 4. Nc3 g6 5. O-O Bg7 6. h3 O-O 7. Re1 e5 8. d4 exd4 9. Nxd4 Re8 10. Nxc6 bxc6 11. Bg5 h6 12. Bh4 Rb8 13. Bb3 g5 14. Bg3 Nd7 15. Qh5 Qf6 16. Re3 Rf8 17. h4 Ne5 18. Bxe5 Qxe5 19. hxg5 hxg5 20. Rd1 g4 21. Qh4 Bf6 22. Qg3 Qxg3 23. Rxg3 Be5 24. Re3 Kg7 25. g3 Rh8 26. Kg2 Ba6 27. Rh1 Rxh1 28. Kxh1 Bd4 29. Nd1 Bxe3 30. Nxe3 Be2 31. Nf5+ Kf6 32. Nd4 Bf3+ 0-1


[Site "https://www.chess.com"]

[Event "Titled Tuesday Blitz June 6 Early 2023"]
[White "Talibov, Shiroghlan"]
[Black "Jeet, Jain"]
[WhiteFideId "13429078"]
[BlackFideId "5073022"]
[WhiteElo "2274"]
[BlackElo "2067"]
[Result "1/2-1/2"]
[Round "5"]
[TimeControl "180+2"]
[Date "2023.06.06"]
[WhiteClock "0:00:06"]
[BlackClock "0:00:13"]
[Board "27"]

1. d4 c6 2. c4 d5 3. Nc3 Nf6 4. Nf3 e6 5. e3 Nbd7 6. Qc2 Be7 7. Bd3 b6 8. b3 Bb7 9. Bb2 Rc8 10. e4 dxe4 11. Nxe4 c5 12. dxc5 Nxe4 13. Bxe4 Bxe4 14. Qxe4 Nxc5 15. Qe2 Nd3+ 16. Kf1 Nxb2 17. Qxb2 Bf6 18. Ne5 Rc5 19. f4 Bxe5 20. fxe5 Qd3+ 21. Kg1 Qe3+ 22. Qf2 Rxe5 23. Qxe3 Rxe3 24. Kf2 Rd3 25. Rad1 Rxd1 26. Rxd1 Ke7 27. Ke3 Rd8 28. Rc1 Rc8 29. h4 h5 30. Ke4 f5+ 31. Kf4 Kf6 32. Rd1 e5+ 33. Ke3 Ke6 34. Rd5 g6 35. a4 Rg8 36. a5 g5 37. axb6 axb6 38. Rb5 gxh4 39. Rxb6+ Kd7 40. Kf2 Ke7 41. b4 e4 42. Rh6 Rc8 43. Rxh5 Kf6 44. c5 Rb8 45. Ke3 Ke5 46. c6 Rxb4 47. c7 Rc4 48. Rh7 Rc2 49. Re7+ Kd6 50. Rf7 Ke6 51. Rh7 Rc3+ 52. Kf4 e3 53. Kf3 Kd6 54. c8=Q Rxc8 55. Kxe3 Rc4 56. Kf3 Rg4 57. Ra7 Ke5 58. Ra5+ Kf6 59. Ra6+ Kg5 60. Ra8 Rg3+ 61. Kf2 Rb3 62. Rg8+ Kf4 63. Kg1 h3 64. gxh3 Rxh3 65. Ra8 Rb3 66. Kf2 Rb2+ 67. Kf1 Kg3 68. Ra3+ Kg4 69. Rc3 f4 70. Ra3 Rb5 71. Rc3 Rh5 72. Ra3 Rh2 73. Kg1 Re2 74. Kf1 Rb2 75. Rc3 f3 76. Rc8 Kg3 77. Rg8+ Kf4 78. Rf8+ Kg3 79. Rg8+ Kf4 80. Rf8+ Kg3 81. Rg8+ 1/2-1/2


[Site "https://www.chess.com"]

[Event "Titled Tuesday Blitz June 6 Early 2023"]
[White "Tang, Andrew"]
[Black "Korchmar, Vasiliy"]
[WhiteFideId "2059630"]
[BlackFideId "24131750"]
[WhiteElo "2600"]
[BlackElo "2370"]
[Result "1/2-1/2"]
[Round "5"]
[TimeControl "180+2"]
[Date "2023.06.06"]
[WhiteClock "0:00:10"]
[BlackClock "0:00:08"]
[Board "28"]

1. d4 d5 2. Bf4 Nf6 3. e3 c5 4. dxc5 Nc6 5. Bb5 e6 6. b4 a5 7. c3 Bd7 8. Qb3 Nh5 9. Ne2 Be7 10. Nd2 O-O 11. O-O axb4 12. cxb4 Nxf4 13. Nxf4 Nd4 14. exd4 Bxb5 15. Rfd1 Ba4 16. Qb2 Bxd1 17. Rxd1 Bg5 18. Ne2 Bxd2 19. Rxd2 Qg5 20. g3 h5 21. h4 Qh6 22. b5 Ra5 23. Rc2 Qg6 24. Nf4 Qf5 25. c6 Rxb5 26. Qxb5 Qxc2 27. cxb7 Qc7 28. Nd3 Rb8 29. Nc5 e5 30. a4 exd4 31. Na6 Qc1+ 32. Kg2 d3 33. Nxb8 d2 34. Nd7 d1=Q 35. b8=Q+ Kh7 36. Nf8+ Kh6 37. Qd6+ g6 38. Qf4+ Qxf4 39. gxf4 Qg4+ 40. Kh2 Qxh4+ 41. Kg1 Qg4+ 42. Kh1 Qh4+ 43. Kg2 Qg4+ 44. Kf1 Qd1+ 45. Kg2 Qg4+ 46. Kh2 Qh4+ 47. Kg1 Qg4+ 48. Kf1 Qd1+ 49. Kg2 Qg4+ 1/2-1/2


[Site "https://www.chess.com"]